 Dungeon Crawl Stone Soup version 0.28.0 (webtiles) character file.

Game seed: 7369651908938606597

4789 issech the Basher (level 10, -1/88 HPs)
             Began as a Troll Monk on Feb 6, 2022.
             Was a Believer of Hepliaklqana.
             Slain by a two-headed ogre (15 damage)
             ... on level 7 of the Dungeon.
             The game lasted 00:30:14 (6199 turns).

issech the Basher (Troll Monk)                      Turns: 6199, Time: 00:30:14

Health: -1/88      AC: 14    Str: 27    XL:     10   Next: 24%
Magic:  9/9        EV: 13    Int:  6    God:    Hepliaklqana [**....]
Gold:   1281       SH:  0    Dex: 16    Spells: 9/9 levels left

rFire   . . .      SeeInvis .   x - +3 eveningstar (protect)
rCold   . . .      Faith    .   (no shield)
rNeg    . . .      Spirit   .   i - +2 robe {Will+}
rPois   .          Reflect  .   (helmet restricted)
rElec   .          Harm     .   q - +0 cloak
rCorr   .          Rampage  .   (gloves unavailable)
Will    +....                   (boots unavailable)
Stlth   ++........              (no amulet)
HPRegen 1.04/turn               R - ring of flight
MPRegen 0.11/turn               v - +6 ring of strength

@: mighty, under a protective aura, flying
A: reduced essence, large, unfitting armour, claws 3, regeneration 1, shaggy fur
1, tough skin 1
a: Renounce Religion, Recall Ancestor, Ancestor Identity


You were on level 7 of the Dungeon.
You worshipped Hepliaklqana.
Hepliaklqana was pleased with you.
You visited 2 branches of the dungeon, and saw 8 of its levels.

You collected 1281 gold pieces.

Inventory:

Hand Weapons
 a - a +2 trident of venom
 c - a +4 quarterstaff of chaos
 t - a +2 short sword of speed
 x - a +3 eveningstar of protection (weapon)
 A - a +2 vampiric whip
 H - a +2 dagger of speed
 J - a +1 whip of flaming
 L - a +4 dagger
 O - a +4 dire flail
 P - a +0 shortbow
 S - a +2 vorpal flail
Missiles
 b - 247 stones
 d - 2 datura-tipped darts (quivered)
 g - 36 bolts
 j - 52 sling bullets
 o - 6 poisoned darts
 F - 35 arrows
 Q - 4 atropa-tipped darts
Armour
 i - a +2 robe of willpower (worn)
 q - a +0 cloak (worn)
 T - a +2 robe of willpower
Jewellery
 f - a ring of wizardry
 u - a ring of see invisible
 v - a +6 ring of strength (right claw)
 D - a ring of fire
 K - a ring of protection from fire
 R - a ring of flight (left claw)
Wands
 m - a wand of polymorph (13)
 C - a wand of mindburst (16)
 G - a wand of iceblast (16)
 M - a wand of digging (2)
 N - a wand of paralysis (13)
Scrolls
 h - 3 scrolls of summoning
 p - 3 scrolls of blinking
 r - 3 scrolls of enchant armour
 w - 2 scrolls of enchant weapon
 y - a scroll of teleportation
 E - a scroll of noise {unknown}
Potions
 e - 5 potions of brilliance {unknown}
 k - 3 potions of curing {unknown}
 l - a potion of invisibility {unknown}
 n - 4 potions of heal wounds {unknown}
 s - a potion of mutation {unknown}
 z - a potion of might
 B - a potion of magic {unknown}
 I - a potion of ambrosia {unknown}
 U - a potion of cancellation {unknown}


   Skills:
 + Level 6.1 Fighting
 + Level 10.0(10.3) Maces & Flails
 + Level 3.3(6.7) Staves
 + Level 6.3 Dodging
 + Level 1.8 Stealth


You had 9 spell levels left.
You didn't know any spells.
Your spell library contained the following spells:

 Spells                   Type           Power      Damage    Failure   Level
 Beastly Appendage        Tmut           0%         N/A       45%         1
 Wereblood                Tmut           0%         N/A       58%         2
 Gell's Gravitas          Tloc           0%         N/A       83%         3
 Lesser Beckoning         Tloc           0%         N/A       83%         3
 Portal Projectile        Hex/Tloc       0%         N/A       83%         3
 Spider Form              Tmut/Pois      0%         N/A       83%         3
 Teleport Other           Tloc           0%         N/A       83%         3
 Blade Hands              Tmut           0%         N/A       100%        5
 Excruciating Wounds      Necr           0%         N/A       100%        5
 Dispersal                Tloc           0%         N/A       100%        6
 Disjunction              Tloc           0%         N/A       100%        8


Dungeon Overview and Level Annotations

Branches:
Dungeon (7/15)             Temple (1/1) D:7

Altars:
Ashenzari
Cheibriados
Dithmenos
Fedhas
Gozag
Hepliaklqana
Kikubaaqudgha
Makhleb
Nemelex Xobeh
Qazlal
Ru
Sif Muna
Xom
Yredelemnul
Zin
The Shining One

Annotations:
D:7 1 transporter, danielguo94's ghost, novice GrFi


Innate Abilities, Weirdness & Mutations

Your life essence is reduced to manifest your ancestor. (-10% HP)
You are too large for most types of armour.
You have claws for hands.
Your natural rate of healing is unusually fast.
You are covered in fur. (AC +1)
You have tough skin. (AC +1)


Message History

Xiuhtonal gestures at the yak while chanting.
The puff of frost hits the yak!
The boulder beetle bites you.
The yak gores Xiuhtonal!
Xiuhtonal is destroyed!
You hit the boulder beetle.
The boulder beetle is lightly wounded.
You feel sick. The boulder beetle misses you.
You hit the boulder beetle but do no damage.
You feel sick. The boulder beetle barely misses you.
The yak gores you but does no damage.
Unknown command.
You impale the boulder beetle!! You claw the boulder beetle.
The boulder beetle is moderately wounded.
You feel sick. The boulder beetle bites you! The yak closely misses you.
You hit the boulder beetle but do no damage.
The boulder beetle is moderately wounded.
You feel sick.
You are no longer poisoned.
The boulder beetle leaps!
The yak snorts and paws the ground.
The yak gores you but does no damage.
You barely miss the two-headed ogre.
The boulder beetle leaps!
The yak gores you!
The two-headed ogre hits you with a +0 giant club!
The two-headed ogre closely misses you.
You bludgeon the two-headed ogre!!
The two-headed ogre is moderately wounded.
The yak gores you!
The two-headed ogre hits you with a +0 giant club!
* * * LOW HITPOINT WARNING * * *
The two-headed ogre barely misses you.
You barely miss the yak.
The yak is moderately wounded.
The yak gores you!
* * * LOW HITPOINT WARNING * * *
You puncture the yak!
The yak is severely wounded.
The two-headed ogre closely misses you.
The two-headed ogre hits you with a +0 giant club!
You die...

#.#.#..#####..## #.......########
..#...##oZ.##..###.......'.......
..#..##.###.##..##.......########
.#..##≈...≈..##..#.......#
...##8≈......8##..#####'##
..##≈≈#.###.#..##..## #.#
.##g.≈.# ##..BC##..# #.#
.#.#..##...##yZ#O#..###.#
©#c#.≈#....Z#..#@#©..##.#
.#Z#..##...##.W#Y#......#
.##...Z.#.##.≈..##..#####
..##.≈#..##.#.≈##...#
...##8.≈.≈.≈≈8##..#.#
##..##...[..≈##...#.#
#...##.###.##....#.#
##...##...##.....#.# #####
#....#####......#.# #....


You could see a two-headed ogre, a cyclops, a yak, a killer bee, danielguo94's
ghost, a killer bee zombie and a centaur skeleton.

Vanquished Creatures
  2 two-headed ogres (D:7)
  Pikel (D:7)
  Eustachio (D:6)
  A steam dragon (D:7)
  3 water moccasins
  An orc warrior (D:6)
  2 centaurs (D:7)
  3 lemures (D:7)
  3 scorpions
  2 bullfrogs
  A gnoll sergeant (D:7)
  A water moccasin skeleton (D:5)
  5 killer bees (D:7)
  4 wights
  2 howler monkeys (D:7)
  2 centaur zombies (D:7)
  4 bullfrog skeletons
  2 jellies
  2 orc priests (D:6)
  Crazy Yiuf (D:2)
  4 iguanas
  Ijyb (D:5)
  Jessica (D:2)
  Natasha (thrice) (D:2)
  2 orc wizards
  Robin (D:4)
  A howler monkey zombie (D:7)
  7 adders
  2 shadow imps
  2 ufetubi (D:7)
  An adder skeleton (D:5)
  A worm (D:2)
  2 dart slugs
  9 orcs
  8 endoplasms
  5 giant cockroaches
  11 goblins
  9 hobgoblins
  A jackal (D:3)
  9 kobolds
  3 quokkas
  6 ball pythons
  6 bats
  2 rats
140 creatures vanquished.

Vanquished Creatures (collateral kills)
  A water moccasin (D:7)
  An ice beast (D:7)
  A necrophage (D:7)
  An ogre (D:7)
  A lemure (D:7)
  A gnoll sergeant (D:7)
  A scorpion (D:7)
  A killer bee (D:7)
  A howler monkey (D:7)
  A hound (D:7)
  An orc priest (D:7)
  An orc wizard (D:7)
  A shadow imp (D:7)
  An ufetubus (D:7)
  An orc (D:7)
15 creatures vanquished.

Vanquished Creatures (others)
  4 battlemagi (D:7)
  An orc (D:6)
5 creatures vanquished.

Grand Total: 160 creatures vanquished

Notes
Turn   | Place    | Note
-------+----------+-------------------------------------------
     0 | D:1      | issech the Troll Monk began the quest for the Orb.
     0 | D:1      | Reached XP level 1. HP: 22/22 MP: 0/0
   160 | D:1      | Reached XP level 2. HP: 29/29 MP: 1/1
   244 | D:1      | Reached skill level 3 in Maces & Flails
   583 | D:2      | Noticed Jessica
   592 | D:2      | Killed Jessica
   593 | D:2      | Reached XP level 3. HP: 36/36 MP: 2/2
   653 | D:2      | Noticed Natasha
   681 | D:2      | Killed Natasha
   682 | D:2      | Reached XP level 4. HP: 41/44 MP: 3/3
   800 | D:2      | Noticed Natasha
   824 | D:2      | Killed Natasha
   862 | D:2      | Noticed Natasha
   877 | D:2      | Killed Natasha
   985 | D:2      | Reached skill level 4 in Maces & Flails
   985 | D:2      | Reached XP level 5. HP: 51/52 MP: 4/4
  1128 | D:2      | Found a burning altar of Makhleb.
  1394 | D:2      | Found a runed translucent door.
  1395 | D:2      | Noticed Crazy Yiuf
  1409 | D:2      | Killed Crazy Yiuf
  1853 | D:3      | Found a faded altar of an unknown god.
  2030 | D:3      | Reached skill level 1 in Staves
  2299 | D:4      | Noticed Robin
  2326 | D:4      | Killed Robin
  2474 | D:4      | Reached XP level 6. HP: 53/61 MP: 5/5
  2495 | D:4      | Identified 2 scrolls of acquirement
  3003 | D:4      | Acquired a +3 eveningstar of protection
  3007 | D:4      | Acquired 917 gold pieces
  3015 | D:5      | Entered Level 5 of the Dungeon
  3080 | D:5      | Noticed a water moccasin
  3088 | D:5      | Killed a water moccasin
  3245 | D:5      | Reached skill level 5 in Maces & Flails
  3245 | D:5      | Reached XP level 7. HP: 67/67 MP: 6/6
  3409 | D:5      | Noticed Ijyb
  3413 | D:5      | Killed Ijyb
  3910 | D:6      | Reached skill level 6 in Maces & Flails
  4081 | D:6      | Reached XP level 8. HP: 78/78 MP: 7/7
  4232 | D:6      | Found a sparkling altar of Nemelex Xobeh.
  4263 | D:6      | Noticed Eustachio
  4309 | D:6      | Killed Eustachio
  4382 | D:6      | Found a sacrificial altar of Ru.
  4611 | D:7      | Reached skill level 7 in Maces & Flails
  4748 | D:7      | Found a staircase to the Ecumenical Temple.
  4750 | D:7      | Found a transporter.
  4750 | D:7      | Found a transporter.
  4767 | Temple   | Entered the Ecumenical Temple
  4839 | Temple   | Became a worshipper of Hepliaklqana the Forgotten
  4839 | Temple   | Reached * piety under Hepliaklqana
  4839 | Temple   | Reached ** piety under Hepliaklqana
  4852 | Temple   | Remembered your ancestor Xiuhtonal as a battlemage
  4855 | D:7      | Noticed a two-headed ogre
  4888 | D:7      | Reached skill level 5 in Dodging
  5049 | D:7      | Reached XP level 9. HP: 52/78 MP: 8/8
  5068 | D:7      | Reached skill level 5 in Fighting
  5068 | D:7      | Reached skill level 8 in Maces & Flails
  5179 | D:7      | Noticed a two-headed ogre
  5179 | D:7      | Noticed a two-headed ogre
  5182 | D:7      | Killed a two-headed ogre
  5189 | D:7      | Killed a two-headed ogre
  5190 | D:7      | Reached skill level 9 in Maces & Flails
  5334 | D:7      | Reached XP level 10. HP: 40/88 MP: 9/9
  5610 | D:7      | Noticed a cyclops
  5616 | D:7      | Noticed a boulder beetle
  5688 | D:7      | Noticed Pikel
  5693 | D:7      | Killed Pikel
  5839 | D:7      | Noticed danielguo94's ghost (novice GrFi)
  6186 | D:7      | Reached skill level 10 in Maces & Flails
  6199 | D:7      | Slain by a two-headed ogre

Illustrated notes

Levels and vault maps discovered:
D:1:      lemuel_arrival_funnel, layout_rooms
D:2:      layout_loops_cross, basic_altar, uniq_jessica,
          uniq_crazy_yiuf_cottage, uniq_natasha
D:3:      layout_basic, hellmonk_ecumenical_altar_prayer_group, serial_glass,
          glass_columns_a, glass_columns_a, glass_columns_b, glass_columns_a,
          glass_columns_a, glass_columns_a, glass_columns_a, glass_columns_b,
          minmay_ruptured
D:4:      layout_loops_ring, grunt_decor_junction, uniq_robin
D:5:      layout_cave_pools, chequers_serial_rivers_room_b, lemuel_flame_loot_1,
          uniq_ijyb
D:6:      layout_rooms, mainiacjoe_overflow_surrounded_room,
          nemelex_spade_bored_becter, minmay_misc_feat_plants,
          minmay_tree_intersection, uniq_eustachio
D:7:      kennysheep_windowed_halls, layout_basic,
          minmay_temple_entry_offerings, nzn_ghost_randoct,
          kennysheep_generic_room_12, uniq_pikel
Temple:   eino_temple_lava

Skill      XL: |  1  2  3  4  5  6  7  8  9 10 |
---------------+-------------------------------+-----
Maces & Flails | 3 4 5 6 7 9 10 | 10.0
Dodging        | 3 5 6 |  6.3
Fighting       | 3 4 5 6 |  6.1
Staves         | 1 2 3 |  3.3
Stealth        | |  1.8

Action                   |  1- 3 |  4- 6 |  7- 9 | 10-12 || total
-------------------------+-------+-------+-------+-------++-------
Melee: Mace              |    76 |    53 |       |       ||   129
       Punch             |     2 |       |       |     1 ||     3
       Unarmed           |       |     1 |       |       ||     1
       Quarterstaff      |       |    93 |       |       ||    93
       Whip              |       |    18 |       |       ||    18
       Eveningstar       |       |    17 |   196 |    43 ||   256
Invok: Ancestor Life: Ba |       |       |     1 |       ||     1
  Use: Scroll            |       |     6 |     2 |     1 ||     9
       Potion            |       |       |       |     1 ||     1
 Stab: Sleeping          |       |     1 |       |       ||     1
Armor: Robe              |    40 |    74 |   145 |    11 ||   270
       Skin              |       |     5 |       |       ||     5
Dodge: Dodged            |    69 |   127 |   194 |    24 ||   414
